 Dungeon Crawl Stone Soup version 0.21.1-1-g345015f (webtiles) character file.

1670 Kairos the Cruncher (level 9, -2/102 HPs)
             Began as a Formicid Fighter on Apr 7, 2018.
             Slain by a sky beast (5 damage)
             ... on level 4 of the Dungeon.
             The game lasted 00:07:05 (4184 turns).

Kairos the Cruncher (Formicid Fighter)              Turns: 4184, Time: 00:07:07

Health: -2/102     AC: 24    Str: 20    XL:     9   Next: 21%
Magic:  9/9        EV:  2    Int: 14    God:
Gold:   122        SH: 10    Dex: 13    Spells: 8/8 levels left

rFire    + . .     SeeInvis .   a - +0 quarterstaff
rCold    x . .     Gourm    .   c - +0 shield
rNeg     + + +     Faith    .   (armour currently unavailable)
rPois    +         Spirit   .   (helmet unavailable)
rElec    .         Reflect  .   (cloak currently unavailable)
rCorr    .         Harm     .   (gloves currently unavailable)
MR       .....                  (boots currently unavailable)
Stlth    ++........             (no amulet)
HPRegen  0.27/turn              e - ring of fire
MPRegen  0.11/turn              (no ring)

@: brilliant, tree-form
A: permanent stasis, dig shafts and tunnels, four strong arms
a: no special abilities


You were on level 4 of the Dungeon.
You were hungry.
You were a tree.
You visited 1 branch of the dungeon, and saw 5 of its levels.

You collected 122 gold pieces.

Inventory:

Hand Weapons
 a - a +0 quarterstaff (weapon)
Missiles
 l - 7 javelins (quivered)
Armour
 b - a +0 scale mail
 c - a +0 shield (worn)
 m - a +2 ring mail of cold resistance (melded)
Jewellery
 e - a ring of fire (left branch)
Wands
 o - a wand of enslavement (8)
Scrolls
 g - 2 scrolls of magic mapping {unknown}
 h - 2 scrolls of fear {unknown}
 j - 4 scrolls of teleportation {unknown}
 k - a scroll of remove curse {unknown}
 p - a scroll of amnesia {unknown}
 q - a scroll of enchant weapon {unknown}
 r - 2 scrolls of fog {unknown}
 w - a scroll of identify {unknown}
 x - 2 scrolls of blinking {unknown}
 z - a scroll of enchant armour {unknown}
Potions
 d - a potion of might
 i - a potion of lignification
 n - 2 potions of invisibility {unknown}
 s - a potion of heal wounds {unknown}
 t - a potion of brilliance
 u - a potion of resistance {unknown}
 v - a potion of curing {unknown}
 A - a potion of mutation {unknown}
Books
 y - a book of Minor Magic

   Spells                             Type                      Level
   a - Magic Dart                     Conjuration                  1
   b - Blink                          Translocation                2
   c - Call Imp                       Summoning                    2
   d - Slow                           Hexes                        2
   e - Conjure Flame                  Conjuration/Fire             3
   f - Mephitic Cloud                 Conjuration/Poison/Air       3
Comestibles
 f - 7 rations


   Skills:
 + Level 5.6 Fighting
 + Level 8.1 Staves
 + Level 5.3 Armour
 + Level 2.3 Dodging
 + Level 1.9 Stealth
 + Level 6.1 Shields


You had 8 spell levels left.
You didn't know any spells.

Dungeon Overview and Level Annotations

Branches:
Dungeon (5/15)
 Temple: D:4-7

Altars:
Wu Jian


Innate Abilities, Weirdness & Mutations

You cannot be hasted, slowed, berserked, paralysed or teleported.
You can dig through walls and to a lower floor.
Your four strong arms can wield two-handed weapons with a shield.
((You have a pair of large antennae on your head. (SInv)))


Message History

There is a strange disturbance nearby!
There is a strange disturbance nearby!
Something hits you but does no damage. Something hits you but does no damage.
Something hits you but does no damage. Something hits you but does no damage.
Something hits you but does no damage.
A sky beast appears from thin air!
Reactivating autopickup.
The sky beast hits you but does no damage.
You closely miss the sky beast.
The sky beast hits you but does no damage.
Your shield prevents you from hitting the sky beast.
The sky beast hits you but does no damage.
You hit the sky beast.
The sky beast is moderately wounded.
The sky beast hits you.
* * * LOW HITPOINT WARNING * * *
The sky beast shocks you.
You die...

#.........#<..#
######.......##
#.......#
#.......#
##.......#
#........#
#.....####
#...Y§# ####§♣#
####


You could see a sky beast.

Vanquished Creatures
  Pikel (D:4)
  The ghost of torrenera the Ogre Mage, an amateur OgIE (D:4)
  Sigmund (D:5)
  Eustachio (D:4)
  An ice beast (D:4)
  2 phantoms (D:4)
  An ogre (D:4)
  A big kobold (D:4)
  A bullfrog skeleton (D:4)
  An orc priest (D:3)
  An orc wizard (D:3)
  A gnoll (D:1)
  A howler monkey skeleton (D:4)
  8 adders
  An ooze (D:3)
  A worm (D:3)
  3 dart slugs
  2 leopard geckos
  15 orcs
  2 giant cockroaches (D:1)
  4 goblins
  6 hobgoblins
  3 quokkas
  4 bats
  2 frilled lizards
  9 kobolds
  5 rats (D:1)
79 creatures vanquished.

Vanquished Creatures (others)
  3 slaves (D:4)
  An ooze (D:4)
  An orc (D:4)
5 creatures vanquished.

Grand Total: 84 creatures vanquished

Notes
Turn   | Place    | Note
-------+----------+-------------------------------------------
     0 | D:1      | Kairos the Formicid Fighter began the quest for the Orb.
     0 | D:1      | Reached XP level 1. HP: 18/18 MP: 1/1
    18 | D:1      | Reached XP level 2. HP: 24/24 MP: 2/2
   143 | D:1      | Reached XP level 3. HP: 30/30 MP: 3/3
   600 | D:1      | You fall through a shaft!
   997 | D:2      | Reached XP level 4. HP: 37/37 MP: 4/4
  1523 | D:3      | Reached skill level 3 in Staves
  1600 | D:3      | Reached XP level 5. HP: 31/42 MP: 5/5
  2170 | D:3      | Reached skill level 1 in Dodging
  2724 | D:4      | Reached XP level 6. HP: 45/48 MP: 6/6
  2764 | D:4      | Reached skill level 4 in Staves
  2782 | D:4      | Noticed a slave
  2783 | D:4      | Noticed Pikel
  2785 | D:4      | Noticed a slave
  2785 | D:4      | Noticed a phantom
  2787 | D:4      | Noticed a slave
  2788 | D:4      | Noticed a slave
  2837 | D:4      | Killed Pikel
  2837 | D:4      | Reached skill level 6 in Staves
  2837 | D:4      | Reached skill level 1 in Stealth
  2837 | D:4      | Reached skill level 5 in Shields
  2837 | D:4      | Reached XP level 7. HP: 17/55 MP: 7/7
  2837 | D:4      | Reached XP level 8. HP: 19/61 MP: 8/8
  3044 | D:4      | Noticed torrenera's ghost (amateur OgIE)
  3063 | D:4      | Found an ornate altar of the Wu Jian Council.
  3337 | D:4      | Reached skill level 5 in Armour
  3657 | D:4      | Killed torrenera's ghost
  3657 | D:4      | Reached skill level 5 in Fighting
  3899 | D:4      | Reached skill level 7 in Staves
  4032 | D:4      | Noticed Eustachio
  4044 | D:4      | Killed Eustachio
  4044 | D:4      | Reached XP level 9. HP: 57/68 MP: 9/9
  4149 | D:5      | Entered Level 5 of the Dungeon
  4149 | D:5      | Noticed Sigmund
  4157 | D:5      | Killed Sigmund
  4170 | D:4      | HP: 1/68 [ice beast (5)]
  4175 | D:4      | Reached skill level 8 in Staves
  4184 | D:4      | HP: 3/102 [sky beast (2)]
  4184 | D:4      | Slain by a sky beast

Skill      XL: |  1  2  3  4  5  6  7  8  9 |
---------------+----------------------------+-----
Shields        | 4 5 6 |  6.1
Armour         | 4 5 |  5.3
Staves         | 3 6 7 8 |  8.1
Fighting       | 4 5 |  5.6
Dodging        | 1 2 |  2.3
Stealth        | 1 |  1.9

Action                   |  1- 3 |  4- 6 |  7- 9 || total
-------------------------+-------+-------+-------++-------
Melee: Quarterstaff      |    94 |   196 |   119 ||   409
  Use: Potion            |       |       |     2 ||     2
 Stab: Sleeping          |       |       |     1 ||     1
  Eat: Chunk             |       |     6 |     1 ||     7
       Ration            |       |       |     1 ||     1
Armor: Scale mail        |    32 |       |       ||    32
       Ring mail         |     4 |    59 |    28 ||    91
       Skin              |       |       |    11 ||    11
Dodge: Dodged            |    32 |    70 |    29 ||   131
Block: Shield            |    40 |    93 |    45 ||   178
